 Dungeon Crawl Stone Soup version 0.25.0-10-g039870ee82 (webtiles) character file.

Game seed: 3815569743962037590

1358 Acheron the Chopper (level 8, -1/69 HPs)
             Began as a Minotaur Abyssal Knight on June 22, 2020.
             Was a Priest of Lugonu.
             Slain by an orc warrior
             ... wielding a +0 glaive
              (16 damage)
             ... on level 7 of the Dungeon.
             The game lasted 00:23:27 (6531 turns).

Acheron the Chopper (Minotaur Abyssal Knight)       Turns: 6531, Time: 00:23:28

Health: -1/69      AC:  4    Str: 16    XL:     8   Next: 37%
Magic:  9/9        EV: 11    Int: 10    God:    Lugonu [***...]
Gold:   240        SH:  0    Dex: 12    Spells: 7/7 levels left

rFire    . . .     SeeInvis .   a - +2 hand axe
rCold    . . .     Gourm    .   y - +0 kite shield
rNeg     . . .     Faith    .   b - +1 leather armour
rPois    .         Spirit   .   (helmet restricted)
rElec    .         Reflect  .   (no cloak)
rCorr    .         Harm     .   (no gloves)
MR       .....                  (no boots)
Stlth    +.........             (no amulet)
HPRegen  0.21/turn              (no ring)
MPRegen  0.11/turn              (no ring)

@: confused
A: retaliatory headbutt, horns 2
a: Depart the Abyss, Bend Space, Banish, Renounce Religion


You were on level 7 of the Dungeon.
You worshipped Lugonu.
Lugonu was most pleased with you.
You were not hungry.

You visited 2 branches of the dungeon, and saw 8 of its levels.
You visited the Abyss 1 time.

You collected 240 gold pieces.

Inventory:

Hand Weapons
 a - a +2 hand axe (weapon)
 m - a +0 whip of electrocution
 r - a +0 rapier
 t - a +2 dagger of draining
 w - a +1 quarterstaff of protection
Missiles
 k - 79 stones
 l - 37 sling bullets
 v - 17 poisoned darts
 x - 8 silver boomerangs
 A - 12 boomerangs (quivered)
Armour
 b - a +1 leather armour (worn)
 g - a +0 plate armour
 u - a +0 scale mail
 y - a +0 kite shield (worn)
 E - a cursed +0 ring mail
Wands
 f - a wand of disintegration (9)
Scrolls
 d - 6 scrolls of remove curse
 i - a scroll of enchant armour
 p - a scroll of fear
Potions
 e - 5 potions of flight
 h - a potion of might
 j - a potion of invisibility {unknown}
 o - 3 potions of curing
 q - a potion of heal wounds {unknown}
 s - a potion of stabbing {unknown}
 z - a potion of lignification {unknown}
 B - a potion of mutation {unknown}
 C - a potion of brilliance {unknown}
 D - 2 potions of magic {unknown}
Comestibles
 c - 16 rations
 F - 4 chunks of flesh


   Skills:
 * Level 5.6 Fighting
 * Level 7.5 Axes
 * Level 5.0 Armour
 * Level 3.6 Dodging
 * Level 2.3 Stealth
 * Level 3.6 Shields
 * Level 3.8 Invocations
 + Level 0.2 Evocations


You had 7 spell levels left.
You didn't know any spells.
Your spell library contained the following spells:

 Spells                   Type           Power        Failure   Level  Hunger
 Animate Skeleton         Necr           N/A          89%         1    ##.....
 Pain                     Necr           #...         89%         1    ##.....
 Vampiric Draining        Necr           #.........   99%         3    ####...
 Animate Dead             Necr           N/A          100%        4    #####..
 Agony                    Necr           #.......     100%        5    ######.


Dungeon Overview and Level Annotations

Branches:
Dungeon (7/15)             Temple (1/1) D:4

Altars:
Ashenzari
Cheibriados
Dithmenos
Elyvilon
Fedhas
Gozag
Hepliaklqana
Kikubaaqudgha
Makhleb
Nemelex Xobeh
Okawaru
Qazlal
Ru
Sif Muna
Trog
Uskayaw
Vehumet
Wu Jian
Xom
Yredelemnul
Zin
The Shining One

Annotations:
D:2 Sigmund
D:3 exclusion: upstairs
D:4 exclusion: downstairs


Innate Abilities, Weirdness & Mutations

You reflexively headbutt those who attack you in melee.
You have a pair of horns on your head.


Message History

You hit the bullfrog.
You kill the bullfrog!
Lugonu accepts your kill.
Your Armour skill increases to level 5!
You hit the leopard gecko. You block the leopard gecko's attack.
You closely miss the orc. You hit the leopard gecko.
You kill the leopard gecko!
Lugonu accepts your kill. The orc hits you with a +0 whip.
You block the jackal's attack.
The orc warrior hits you from afar with a +0 glaive!!
* * * LOW HITPOINT WARNING * * *
It was a potion of ambrosia.
You are confused.
You feel invigorated. The orc hits you with a +0 whip.
* * * LOW HITPOINT WARNING * * *
The orc priest begins to cast a cantrip, but forgets the words!
The jackal closely misses you.
You're too confused to move!
The jackal barely misses you.
The orc warrior hits you from afar with a +0 glaive!
You die...

#.#####
#.#.#.####
####.#..h@..#
........o####
.#..#...o..#
>...(....o.#
.....o.....#
....#.....#
##.........#
....##.....#
.......<...#


You could see an orc warrior, an orc priest, an orc wizard, an orc and a jackal.

Vanquished Creatures
  Eustachio (D:6)
  An orc warrior (D:6)
  An ice beast (D:5)
  An ogre (D:5)
  3 bullfrogs
  A scorpion (D:6)
  A howler monkey (D:4)
  2 crimson imps (D:5)
  4 hounds
  3 orc priests
  3 iron imps (D:4)
  2 orc wizards
  2 worker ants
  A killer bee zombie (D:5)
  6 adders
  An ooze (D:1)
  An adder skeleton (D:4)
  2 worms (D:3)
  3 dart slugs (D:1)
  5 leopard geckos
  9 orcs
  9 bats
  3 giant cockroaches
  6 goblins
  9 hobgoblins
  16 jackals
  3 quokkas
  3 ball pythons
  5 frilled lizards
  A jackal zombie (D:6)
  8 kobolds
  A quokka skeleton (D:5)
  9 rats
126 creatures vanquished.

Notes
Turn   | Place    | Note
-------+----------+-------------------------------------------
     0 | Abyss:1  | Acheron the Minotaur Abyssal Knight began the quest for the
                  | Orb.
     0 | Abyss:1  | Reached XP level 1. HP: 19/19 MP: 1/1
    23 | Abyss:2  | Noticed a wretched star
    26 | D:1      | Escaped the Abyss
    60 | D:1      | Reached * piety under Lugonu
   153 | D:1      | Reached XP level 2. HP: 27/27 MP: 2/2
   659 | D:1      | Reached XP level 3. HP: 28/33 MP: 3/3
  1015 | D:2      | Reached skill level 1 in Shields
  1216 | D:2      | Reached skill level 3 in Axes
  1659 | D:3      | Reached XP level 4. HP: 35/40 MP: 4/4
  1707 | D:3      | Noticed a moth of wrath
  1710 | D:3      | Found a bloodstained altar of Trog.
  1859 | D:3      | Reached ** piety under Lugonu
  2344 | D:2      | Noticed Sigmund
  2593 | D:5      | Entered Level 5 of the Dungeon
  2601 | D:5      | Noticed an ogre
  2748 | D:3      | Reached XP level 5. HP: 47/47 MP: 5/5
  3108 | D:3      | Reached skill level 1 in Stealth
  3252 | D:4      | Found a staircase to the Ecumenical Temple.
  3301 | Temple   | Entered the Ecumenical Temple
  3650 | D:4      | Reached skill level 4 in Axes
  3887 | D:4      | Found a burning altar of Makhleb.
  3900 | D:4      | Reached XP level 6. HP: 41/53 MP: 6/6
  4531 | D:5      | Reached skill level 5 in Axes
  5140 | D:5      | Reached XP level 7. HP: 44/60 MP: 8/8
  5184 | D:5      | Reached skill level 5 in Fighting
  5482 | D:5      | Reached *** piety under Lugonu
  5726 | D:6      | Reached skill level 6 in Axes
  5990 | D:6      | Noticed Eustachio
  6025 | D:6      | Killed Eustachio
  6025 | D:6      | Reached skill level 7 in Axes
  6025 | D:6      | Reached XP level 8. HP: 53/69 MP: 9/9
  6528 | D:7      | Reached skill level 5 in Armour
  6531 | D:7      | Slain by an orc warrior

Illustrated notes

Levels and vault maps discovered:
D:1:      scummos_arrival_forest, layout_loops_ring, nrook_uturn
D:2:      layout_loops_corners, uniq_sigmund
D:3:      layout_loops_ring, first_ration, tgw_trog, uniq_terence
D:4:      layout_basic, demons_altar, temple_pool_b
D:5:      layout_loops_corners
D:6:      layout_gridville, nrook_mini_vaults, kennysheep_small_square,
          uniq_eustachio
D:7:      layout_basic, uniq_joseph
Temple:   compressed_dpeg_circular_temple

Skill      XL: |  1  2  3  4  5  6  7  8 |
---------------+-------------------------+-----
Fighting       | 4 5 |  5.6
Invocations    | 2 3 |  3.8
Shields        | 1 2 3 |  3.6
Axes           | 3 4 5 7 |  7.5
Armour         | 3 4 5 |  5.0
Dodging        | 2 3 |  3.6
Stealth        | 1 2 |  2.3
Evocations     | |  0.2

Action                   |  1- 3 |  4- 6 |  7- 9 || total
-------------------------+-------+-------+-------++-------
Melee: Hand axe          |    91 |   138 |   106 ||   335
       Headbutt          |     6 |    20 |    19 ||    45
Throw: Dart              |       |       |     1 ||     1
Invok: Depart the Abyss  |     1 |       |       ||     1
Evoke: Wand              |       |     1 |     5 ||     6
  Use: Scroll            |     5 |     3 |     3 ||    11
       Potion            |       |       |     2 ||     2
 Stab: Sleeping          |       |     1 |     1 ||     2
  Eat: Chunk             |     2 |     8 |     3 ||    13
       Ration            |       |     1 |     1 ||     2
Armor: Leather armour    |    25 |    22 |    32 ||    79
Dodge: Dodged            |    61 |    80 |    55 ||   196
Block: Kite shield       |       |    32 |    45 ||    77
